AoeStats
← Gonz

African Clearing

505784283Analyzed
3v3 RM · 21d ago on Sep 11, 2026· 43m 13s· 6 players
Game mode
Random Map
Map size
Normal (6 player)
Population
200
Speed
Normal
Resources
Standard
Victory
Conquest
Starting age
Dark Age
Ending age
Imperial Age
RankedLock teamsTeams togetherTeam positionsShared explorationLock speedFull tech treeHidden civsTurbo modeCheats
Victory
Defeat
🇵🇪 Jurchens · Peru
1291
+18
🇪🇨 Mongols · Ecuador
1284
+19
🇨🇳 Berbers · China
1239
+20
🇦🇷 Bulgarians · Argentina
1439
-23
🇦🇷 Vietnamese · Argentina
1417
-22
🇦🇷 Berbers · Argentina
1167
-12
AdrianJPG
5:08 Loom
13:34 Feudal Age
14:48 Feudal Age
18:46 Castle Age
16:52 Double-Bit Axe
18:22 Gold Mining
18:36 Fletching
20:40 Bow Saw
27:21 Horse Collar
27:58 Bodkin Arrow
30:42 Ballistics
31:25 Wheelbarrow
31:13 Padded Archer Armor
38:00 Imperial Age
36:38 Scale Barding Armor
36:43 Forging
36:34 Husbandry
36:45 Bloodlines
36:56 Heavy Plow
37:31 Hand Cart
37:07 Light Cavalry
37:42 Town Watch
38:17 Elite Steppe Lancer
39:19 Chain Barding Armor
39:34 Iron Casting
40:11 Gold Shaft Mining
40:19 Conscription
42:25 Blast Furnace
44:24 Chemistry
theron
5:41 Loom
13:09 Feudal Age
17:02 Castle Age
15:43 Double-Bit Axe
20:23 Fletching
21:22 Bodkin Arrow
26:10 Wheelbarrow
27:48 Bow Saw
28:37 Padded Archer Armor
30:55 Horse Collar
36:10 Imperial Age
33:58 Hand Cart
35:54 Scale Barding Armor
36:01 Bloodlines
35:51 Husbandry
37:02 Chain Barding Armor
36:44 Heavy Plow
36:46 Cavalier
39:29 Plate Barding Armor
41:33 Forging
41:55 Crop Rotation
Fandado
7:13 Loom
13:14 Feudal Age
15:00 Double-Bit Axe
15:39 Horse Collar
17:53 Wheelbarrow
24:50 Castle Age
23:28 Town Watch
26:11 Scale Barding Armor
27:08 Bloodlines
27:31 Husbandry
36:20 Chain Barding Armor
37:25 Gold Mining
37:26 Stone Mining
43:39 Imperial Age
41:42 Forging
43:03 Iron Casting
Nicoc
11:36 Loom
13:37 Feudal Age
17:44 Castle Age
15:55 Scale Barding Armor
16:43 Forging
18:26 Bloodlines
18:17 Light Cavalry
27:31 Fletching
31:48 Bodkin Arrow
35:45 Chain Barding Armor
36:21 Husbandry
39:21 Iron Casting
40:15 Wheelbarrow
41:52 Stirrups
42:05 Gold Mining
Gonz
8:01 Loom
15:08 Feudal Age
21:00 Double-Bit Axe
28:30 Castle Age
29:37 Bow Saw
34:56 Husbandry
36:09 Scale Barding Armor
37:43 Bloodlines
40:28 Wheelbarrow
39:46 Town Watch
40:24 Forging
Nachom
7:51 Loom
13:40 Feudal Age
18:35 Castle Age
16:44 Double-Bit Axe
18:07 Scale Mail Armor
20:07 Bow Saw
23:00 Town Watch
24:47 Fletching
25:56 Padded Archer Armor
25:56 Horse Collar
26:48 Leather Archer Armor
27:54 Wheelbarrow
28:38 Bodkin Arrow
28:54 Gold Mining
30:41 Ballistics
33:00 Leather Archer Armor
36:18 Thumb Ring
42:30 Imperial Age
41:49 Hand Cart
43:24 Bracer
Connection lost

Rejoining the realm…

Still unreachable

The connection could not be restored.

Session expired

The server has moved on; the page needs a fresh start.